 Dungeon Crawl Stone Soup version 0.30-b1-2-g02819fbbbe (webtiles) character file.

Game seed: 2069576504238823274

2 Mesmaeker13 the Trooper (level 1, 18/18 HPs)
             Began as a Formicid Cinder Acolyte on May 8, 2023.
             Was a High Priest of Ignis.
             Got out of the dungeon alive.
             The game lasted 00:01:32 (95 turns).

Mesmaeker13 the Trooper (Formicid Cinder Acolyte)     Turns: 95, Time: 00:01:33

Health: 18/18      AC:  2    Str: 18    XL:     1   Next: 33%
Magic:  2/2        EV: 11    Int: 13    God:    Ignis [*****.]
Gold:   28         SH:  0    Dex:  9    Spells: 2/2 levels left

rFire   + . .        a - -1 short sword (flame)
rCold   . . .        (no shield)
rNeg    . . .        b - +0 robe
rPois   .            (helmet unavailable)
rElec   .            (no cloak)
rCorr   .            (no gloves)
SInv    +            (no boots)
Will    .....        (no amulet)
Stlth   +            (no ring)
HPRegen 0.23/turn    (no ring)
MPRegen 0.08/turn

%: no passive effects
@: no status effects
A: permanent stasis, dig shafts and tunnels, antennae 3, four strong arms
a: Dig, Shaft Self, Renounce Religion, Fiery Armour, Foxfire Swarm, Rising Flame


You escaped.
You worshipped Ignis.
Ignis was extremely pleased with you.
You visited 1 branch of the dungeon, and saw 1 of its levels.

You collected 28 gold pieces.

Inventory:

Hand Weapons
 a - a -1 short sword of flaming (weapon)
Armour
 b - a +0 robe (worn)


   Skills:
 - Level 3.2 Fighting
 - Level 3.0 Short Blades
 + Level 0.2 Dodging
 - Level 1.1 Spellcasting
 + Level 3.0 Fire Magic


You had 2 spell levels left.
You didn't know any spells.
Your spell library contained the following spells:

 Spells                   Type           Power      Damage    Failure   Level
 Scorch                   Fire           16%        2d6       12%         2


Dungeon Overview and Level Annotations

Branches:
Dungeon (1/15)

Altars:


Innate Abilities, Weirdness & Mutations

You cannot be hasted, slowed, berserked, paralysed or teleported.
You can dig through walls and to a lower floor.
You have a pair of large antennae on your head. (SInv)
Your four strong arms can wield two-handed weapons with a shield.


Message History

The ball python is heavily wounded.
The ball python closely misses you. The ball python grabs you.
The ball python constricts you.
You closely miss the ball python.
The ball python is heavily wounded.
The ball python bites you. The ball python constricts you.
You hit the ball python. You burn the ball python.
You kill the ball python!
The frilled lizard bites you but does no damage.
You miss the frilled lizard. The frilled lizard bites you.
You completely miss the frilled lizard.
The frilled lizard bites you but does no damage.
You miss the frilled lizard. The frilled lizard closely misses you.
You barely miss the frilled lizard.
The frilled lizard bites you but does no damage.
You closely miss the frilled lizard.
Activating: Foxfire Swarm
Press: ? - help, Dir - look around, f - activate Flames leap up around you!
The frilled lizard completely misses you.
Unknown command.
You barely miss the frilled lizard.
The foxfire hits the frilled lizard.
You kill the frilled lizard!
Your foxfire dissipates!
You see here a frilled lizard corpse.
Your foxfire dissipates! x12
HP restored.
You now have 12 gold pieces (gained 5).
You sense a monster nearby.
You see here a +0 sling.
You now have 28 gold pieces (gained 16).
Welcome back, Mesmaeker13 the Formicid Cinder Acolyte.
The flames of Ignis gently warm you.
Press ? for a list of commands and other information.
Unknown command.
You see here a +0 sling.
There is a stone staircase leading down here.
There is a staircase leading out of the dungeon here.
Are you sure you want to leave the Dungeon?
This will make you lose the game!
You have escaped!

. ########.....##
#...######......#.......
##..........####.........
..######..## ##..)...#.
.####. #####..# #.######.
.....##......## ##......#.
#.##...≈≈≈≈..####..≈≈≈≈...
#.....≈≈≈≈≈≈......§≈§≈≈≈†.
###...≈≈>@≈≈......≈≈≈§§≈.#
#...≈.≈≈≈≈......≈≈≈§§≈.#
##...≈≈≈≈....#...§§§§..#
#.#.......#.##.......#.
#....####...##########.
####.######.# .
#.).####... .
#.......#....#.....
#######+####.#^.....


There were no monsters in sight!

Vanquished Creatures
  A ball python (D:1)
  A frilled lizard (D:1)
2 creatures vanquished.

Vanquished Creatures (others)
  13 foxfires (D:1)
13 creatures vanquished.

Grand Total: 15 creatures vanquished

Notes
Turn   | Place    | Note
-------+----------+-------------------------------------------
     0 | D:1      | Mesmaeker13 the Formicid Cinder Acolyte began the quest for
                  | the Orb.
     0 | D:1      | Reached XP level 1. HP: 18/18 MP: 2/2
    95 | D:$      | Got out of the dungeon alive.

Illustrated notes

Levels and vault maps discovered:
D:1:      dpeg_arrival_pits, layout_basic, minmay_distorted

Action                     || total
---------------------------++-------
  Melee: Short sword       ||     9
 Invoke: Foxfire Swarm     ||     1
 Armour: Robe              ||     3
  Dodge: Dodged            ||     3
